 Dungeon Crawl Stone Soup version 0.22.1-1-ga44c0e56f4 (webtiles) character file.

17621 JOKERXD40 the Severer (level 12, -18/107 (108) HPs)
             Began as a Minotaur Berserker on Nov 9, 2018.
             Was a High Priest of Trog.
             Killed from afar by a deep elf mage (41 damage)
             ... with a bolt of lightning
             ... on level 10 of the Dungeon.
             The game lasted 00:24:15 (8503 turns).

JOKERXD40 the Severer (Minotaur Berserker)          Turns: 8503, Time: 00:24:15

HP:   -18/107 (108) AC: 17    Str: 25    XL:     12   Next: 20%
MP:   21/21         EV: 10    Int:  9    God:    Trog [*****.]
Gold: 763           SH: 14    Dex: 12    Spells: 11/11 levels left

rFire    . . .     SeeInvis .   C - +2 war axe (flame)
rCold    . . .     Gourm    .   i - +0 shield
rNeg     . . .     Faith    .   r - +0 chain mail
rPois    +         Spirit   .   P - +3 hat of Pondering {ponderous, MR+ MP+10 Int+5}
rElec    .         Reflect  +   E - scarf {repulsion}
rCorr    .         Harm     .   q - +0 pair of gloves
MR       ++...                  L - +0 pair of boots
Stlth    ..........             h - +2 amulet of reflection
HPRegen  0.27/turn              k - ring of protection from magic
MPRegen  0.17/turn              A - ring of poison resistance

@: repel missiles, slow
A: retaliatory headbutt, horns 2
a: Berserk, Trog's Hand, Brothers in Arms, Renounce Religion


You were on level 10 of the Dungeon.
You worshipped Trog.
Trog was extremely pleased with you.
You were not hungry.

You visited 1 branch of the dungeon, and saw 10 of its levels.
You also visited: Ossuary.

You collected 898 gold pieces.
You spent 135 gold pieces at shops.

Inventory:

Hand Weapons
 C - a +2 war axe of flaming (weapon)
Missiles
 K - 3 throwing nets (quivered)
Armour
 i - a +0 shield (worn)
 q - a +0 pair of gloves (worn)
 r - a +0 chain mail (worn)
 E - a scarf of repulsion (worn)
 L - a +0 pair of boots (worn)
 P - the +3 hat of Pondering (worn) {ponderous, MR+ MP+10 Int+5}
   (You took it off Gastronok on level 10 of the Dungeon)

   It affects your intelligence (+5).
   It affects your resistance to hostile enchantments.
   It affects your magic capacity (+10).
Jewellery
 h - a +2 amulet of reflection (around neck)
 k - a ring of protection from magic (left hand)
 l - an uncursed ring of resist corrosion
 A - a ring of poison resistance (right hand)
Wands
 u - a wand of random effects (38)
 y - a wand of iceblast (9)
 F - a wand of flame (22)
 M - a wand of polymorph (14)
 O - a wand of acid (4)
Scrolls
 a - 3 scrolls of fog {unknown}
 b - 4 scrolls of amnesia
 d - 6 scrolls of remove curse
 e - 2 scrolls of enchant armour {unknown}
 g - 2 scrolls of immolation {unknown}
 j - 6 scrolls of teleportation
 m - a scroll of blinking {unknown}
 o - 3 scrolls of fear {unknown}
 p - 3 scrolls of noise {unknown}
 s - 9 scrolls of identify
 v - 3 scrolls of random uselessness {unknown}
 B - a scroll of summoning {unknown}
 N - a scroll of enchant weapon {unknown}
Potions
 f - a potion of flight {unknown}
 n - 5 potions of curing
 t - 2 potions of invisibility {unknown}
 w - 6 potions of lignification
 x - 2 potions of cancellation {unknown}
 z - 2 potions of brilliance
 D - a potion of ambrosia {unknown}
 G - 2 potions of heal wounds {unknown}
 H - 2 potions of agility {unknown}
 I - a potion of magic {unknown}
 J - a potion of resistance {unknown}
 Q - a potion of degeneration {unknown}
Comestibles
 c - 12 rations


   Skills:
 + Level 10.9 Fighting
 + Level 15.3 Axes
 + Level 9.3 Armour
 + Level 4.9 Dodging
 + Level 1.6 Stealth
 + Level 10.8 Shields
 + Level 0.3 Evocations


You had 11 spell levels left.
You didn't know any spells.
Your spell library was empty.

Dungeon Overview and Level Annotations

Branches:
Dungeon (10/15)            Temple (0/1) D:7            Lair (0/6) D:10
    Orc: D:9-12

Altars:
Ashenzari
Cheibriados
Elyvilon
Fedhas
Gozag
Kikubaaqudgha
Makhleb
Ru
Trog
Vehumet
Xom
Zin
The Shining One

Shops:
D:8 !   D:10 *


Innate Abilities, Weirdness & Mutations

You reflexively headbutt those who attack you in melee.
You have a pair of horns on your head.


Message History

The deep elf mage gestures wildly while chanting.
The deep elf mage blinks!
The deep elf mage casts a spell.
The deep elf mage blinks!
Things that are here:
a shortbow; 14 arrows You feel sick.
You are no longer poisoned.
A yaktaur comes into view.
The yaktaur shouts!
The yaktaur wields an arbalest.
The yaktaur shoots a bolt.
The bolt hits you!!
* * * LOW HITPOINT WARNING * * *
Found a scroll of identify.
You see here a bolt.
You block the deep elf mage's attack.
Your shield and chain mail prevent you from hitting the deep elf mage.
Your headbutt misses the deep elf mage.
The deep elf mage gestures at you while chanting.
The bolt of lightning hits you!
You die...

.#.#..####...###.#..#...#..#.##.#
.#.#.#.# ##...#..#.#.....#.#).#.#
..#.#..# #.....###.......##..).#
##.##### ##################..###
.#.#.#.# #.. #..# .#.#...#? # #.#
#..# .......#..'#. #.#########..#
#....### #c.'####.#.#.#.#.#..#
...#...# #..e@..)...[).(#..#
...#...# +.'####(#$#.#.#.#..#
...#..## #. #########.#.##
.#.#... # #.#.#.#.#.#.# .#.#.#.#
#.........#.#
##)###################.#####.#
(......#.........#......[..#.####
†......#....#....#.#.#.#.#.#.....
.....).#..#...#..#.........#.####


You could see a yaktaur and a deep elf mage.

Vanquished Creatures
  Gastronok (D:10)
  Josephine (D:10)
  Harold (D:8)
  A centaur warrior (D:6)
  An ogre mage (D:10)
  2 two-headed ogres (D:10)
  The ghost of Dommiel19 the Grappler, a novice TrBe of Trog (D:8)
  A necromancer (D:10)
  The ghost of Sverke the Cudgeler, a novice GrMo (D:6)
  2 gargoyles (D:10)
  3 trolls
  The ghost of gre3edy the Cudgeler, an amateur FoFi of Qazlal (D:5)
  4 hippogriffs
  22 yaks (D:10)
  4 wraiths (D:10)
  A steam dragon (D:9)
  A water moccasin (D:10)
  An ice beast (D:10)
  2 sky beasts
  A necrophage (D:6)
  2 black bears (D:10)
  5 ogres
  A phantom (D:5)
  5 centaurs
  A crocodile (D:10)
  7 bullfrogs
  2 big kobolds (D:8)
  A gnoll sergeant (D:8)
  A wyvern skeleton (D:9)
  4 scorpions
  2 killer bees (D:10)
  6 crimson imps
  3 howler monkeys (D:7)
  2 bullfrog zombies
  3 jellies
  An iron imp (D:6)
  A centaur skeleton (D:6)
  4 orc priests
  3 bullfrog skeletons
  6 hounds
  10 orc wizards
  4 iguanas
  7 worker ants
  A killer bee zombie (D:9)
  A big kobold zombie (Ossuary)
  A hound skeleton (D:8)
  8 mummies (Ossuary)
  Robin (D:2)
  A worker ant zombie (D:8)
  6 gnolls
  16 adders
  A howler monkey skeleton (D:10)
  2 shadow imps
  3 oozes
  An adder skeleton (D:5)
  A worm (D:2)
  2 dart slugs (D:2)
  5 leopard geckos
  21 orcs
  5 bats
  A gnoll zombie (Ossuary)
  11 goblins
  8 hobgoblins
  10 jackals
  14 kobolds
  4 quokkas
  3 frilled lizards
  2 hobgoblin zombies (D:6)
  A kobold skeleton (D:6)
  4 kobold zombies
  6 orc zombies
  2 rats (D:3)
275 creatures vanquished.

Vanquished Creatures (others)
  2 centaurs (D:10)
  A kobold (D:8)
3 creatures vanquished.

Grand Total: 278 creatures vanquished

Notes
Turn   | Place    | Note
-------+----------+-------------------------------------------
     0 | D:1      | JOKERXD40 the Minotaur Berserker began the quest for the
                  | Orb.
     0 | D:1      | Reached XP level 1. HP: 19/19 MP: 0/0
   470 | D:1      | Reached skill level 4 in Axes
   617 | D:1      | Reached XP level 2. HP: 27/27 MP: 1/1
   912 | D:2      | Noticed Robin
   915 | D:2      | Reached ** piety under Trog
   916 | D:2      | Reached XP level 3. HP: 33/33 MP: 2/2
   935 | D:2      | Killed Robin
  1069 | D:2      | Reached skill level 1 in Shields
  1655 | D:3      | Reached XP level 4. HP: 41/41 MP: 3/3
  1683 | D:3      | Found a bloodstained altar of Trog.
  1685 | D:3      | Found a snail-covered altar of Cheibriados.
  1794 | D:3      | Found a blossoming altar of Fedhas.
  1825 | D:3      | Found a radiant altar of Vehumet.
  1825 | D:3      | Found a glowing silver altar of Zin.
  1958 | D:3      | Found a white marble altar of Elyvilon.
  2612 | D:4      | Reached skill level 5 in Axes
  2612 | D:4      | Reached XP level 5. HP: 47/47 MP: 4/4
  2744 | D:4      | Reached skill level 5 in Fighting
  2744 | D:4      | Reached XP level 6. HP: 33/56 MP: 5/5
  2747 | D:4      | Reached skill level 6 in Axes
  2749 | D:4      | Reached *** piety under Trog
  3088 | D:4      | Reached XP level 7. HP: 61/61 MP: 6/6
  3328 | D:5      | Entered Level 5 of the Dungeon
  3490 | D:5      | Reached skill level 7 in Axes
  3570 | D:5      | Found a runed door.
  3571 | D:5      | Noticed gre3edy's ghost (amateur FoFi)
  3617 | D:5      | Killed gre3edy's ghost
  3831 | D:5      | Reached skill level 8 in Axes
  3831 | D:5      | Reached skill level 5 in Armour
  3831 | D:5      | Reached XP level 8. HP: 68/69 MP: 7/7
  3976 | D:5      | Reached skill level 5 in Shields
  4099 | D:6      | Noticed a troll
  4108 | D:6      | Killed a troll
  4108 | D:6      | Reached skill level 1 in Stealth
  4209 | D:6      | Reached skill level 9 in Axes
  4332 | D:6      | Found a glowing golden altar of the Shining One.
  4342 | D:6      | Reached **** piety under Trog
  4353 | D:6      | Found a runed gate.
  4354 | D:6      | Found a runed gate.
  4354 | D:6      | Found an opulent altar of Gozag.
  4355 | D:6      | Found a runed gate.
  4358 | D:6      | Noticed Sverke's ghost (novice GrMo)
  4359 | D:6      | Noticed a centaur warrior
  4391 | D:6      | Killed Sverke's ghost
  4391 | D:6      | Reached XP level 9. HP: 77/77 MP: 8/8
  4392 | D:6      | Killed a centaur warrior
  4392 | D:6      | Reached skill level 10 in Axes
  4746 | D:6      | Found a sacrificial altar of Ru.
  4795 | D:6      | You fall through a shaft!
  4939 | D:7      | Found a sand-covered staircase.
  4947 | Ossuary  | Entered an ossuary
  5163 | D:7      | Found a burning altar of Makhleb.
  5174 | D:7      | Reached skill level 11 in Axes
  5457 | D:7      | Found a staircase to the Ecumenical Temple.
  5728 | D:8      | Noticed Harold
  5747 | D:8      | Killed Harold
  5747 | D:8      | Reached XP level 10. HP: 78/87 MP: 9/9
  5747 | D:8      | Reached ***** piety under Trog
  5753 | D:8      | Reached skill level 12 in Axes
  5811 | D:8      | Noticed Dommiel19's ghost (novice TrBe)
  5830 | D:8      | Found a runed door.
  5863 | D:8      | Killed Dommiel19's ghost
  5923 | D:8      | Found a shattered altar of Ashenzari.
  6094 | D:8      | Found an ancient bone altar of Kikubaaqudgha.
  6115 | D:8      | Found Luedej's Distillery.
  6437 | D:8      | Found an opulent altar of Gozag.
  6898 | D:9      | Found a shimmering altar of Xom.
  7257 | D:10     | Entered Level 10 of the Dungeon
  7312 | D:10     | Found Jelucwao's Assorted Antiques.
  7318 | D:10     | Reached skill level 13 in Axes
  7332 | D:10     | Bought a pair of boots for 135 gold pieces
  7403 | D:10     | Found a staircase to the Lair.
  7450 | D:10     | Noticed a gargoyle
  7458 | D:10     | Killed a gargoyle
  7565 | D:10     | Noticed a two-headed ogre
  7570 | D:10     | Killed a two-headed ogre
  7570 | D:10     | Reached XP level 11. HP: 96/96 MP: 10/10
  7605 | D:10     | Noticed a necromancer
  7610 | D:10     | Killed a necromancer
  7684 | D:10     | Received a gift from Trog
  8015 | D:10     | Reached skill level 14 in Axes
  8015 | D:10     | Reached skill level 10 in Shields
  8252 | D:10     | Reached skill level 10 in Fighting
  8290 | D:10     | Noticed Josephine
  8290 | D:10     | Noticed Gastronok
  8303 | D:10     | Killed Josephine
  8313 | D:10     | Killed Gastronok
  8424 | D:10     | Reached XP level 12. HP: 106/106 MP: 11/11
  8427 | D:10     | Reached skill level 15 in Axes
  8464 | D:10     | Noticed a two-headed ogre
  8469 | D:10     | Noticed an ogre mage
  8473 | D:10     | Killed a two-headed ogre
  8489 | D:10     | Killed an ogre mage
  8503 | D:10     | Killed from afar by a deep elf mage

Skill      XL: |  1  2  3  4  5  6  7  8  9 10 11 12 |
---------------+-------------------------------------+-----
Axes           | 4 5 6 8 9 11 13 14 15 | 15.3
Fighting       | 4 5 6 7 9 10 | 10.9
Shields        | 1 2 4 6 8 9 10 | 10.8
Dodging        | 3 4 |  4.9
Armour         | 3 5 7 9 |  9.3
Stealth        | 1 |  1.6
Evocations     | |  0.3

Action                   |  1- 3 |  4- 6 |  7- 9 | 10-12 || total
-------------------------+-------+-------+-------+-------++-------
Melee: Hand axe          |    76 |    22 |       |       ||    98
       Headbutt          |    12 |    16 |    39 |    79 ||   146
       War axe           |       |    61 |   231 |   334 ||   626
Invok: Berserk           |     1 |     1 |     3 |     4 ||     9
Evoke: Wand              |       |       |     1 |     1 ||     2
  Use: Scroll            |     1 |     1 |     3 |     2 ||     7
  Eat: Chunk             |     2 |     3 |     8 |    10 ||    23
       Ration            |       |     2 |       |     1 ||     3
Armor: Animal skin       |    10 |       |       |       ||    10
       Chain mail        |     2 |    38 |    71 |    92 ||   203
Dodge: Dodged            |    29 |    30 |    45 |    64 ||   168
       Deflected         |       |       |     2 |     9 ||    11
Block: Shield            |    39 |    46 |   113 |   199 ||   397
       Reflection        |     3 |     3 |     4 |    13 ||    23
